 Dungeon Crawl Stone Soup version 0.21.1-1-g345015f (webtiles) character file.

132 theswoord the Ruffian (level 4, -2/48 HPs)
             Began as a Troll Monk on May 26, 2018.
             Slain by Sigmund
             ... wielding a +0 scythe
              (11 damage)
             ... on level 2 of the Dungeon.
             The game lasted 00:05:31 (1294 turns).

theswoord the Ruffian (Troll Monk)                  Turns: 1294, Time: 00:05:32

Health: -2/48      AC:  5    Str: 19    XL:     4   Next: 92%
Magic:  3/3        EV:  7    Int:  6    God:
Gold:   96         SH:  7    Dex: 13    Spells: 3/3 levels left

rFire    . . .     SeeInvis .     - Unarmed
rCold    . . .     Gourm    +   d - +0 shield {rPois}
rNeg     . . .     Faith    .   a - +0 robe
rPois    +         Spirit   .   (helmet restricted)
rElec    .         Reflect  .   (no cloak)
rCorr    .         Harm     .   (gloves unavailable)
MR       .....                  (boots unavailable)
Stlth    ++........             (no amulet)
HPRegen  0.56/turn              (no ring)
MPRegen  0.08/turn              (no ring)

@: no status effects
A: large, unfitting armour, claws 3, fast metabolism 3, gourmand, regeneration
1, shaggy fur 1, tough skin 2
a: no special abilities


You were on level 2 of the Dungeon.
You were very full.

You visited 1 branch of the dungeon, and saw 2 of its levels.

You collected 96 gold pieces.

Inventory:

Armour
 a - a +0 robe (worn)
 d - a +0 shield of poison resistance (worn)
Jewellery
 i - an uncursed ring of see invisible {unknown}
Scrolls
 f - a scroll of blinking {unknown}
 g - a scroll of identify
 j - a scroll of teleportation {unknown}
Potions
 e - a potion of magic
 h - a potion of degeneration {unknown}
 k - a potion of cancellation {unknown}
Comestibles
 b - 10 rations


   Skills:
 + Level 3.7 Fighting
 - Level 2.4 Dodging
 - Level 1.0 Stealth
 + Level 4.5 Unarmed Combat


You had 3 spell levels left.
You didn't know any spells.

Dungeon Overview and Level Annotations

Branches:
Dungeon (2/15)

Altars:
Vehumet

Annotations:
D:2 Sigmund


Innate Abilities, Weirdness & Mutations

You are too large for most types of armour.
You have claws for hands.
Your metabolism is lightning-fast.
You like to eat raw meat.
Your natural rate of healing is unusually fast.
You are covered in fur. (AC +1)
You have very tough skin. (AC +2)


Message History

You barely miss Sigmund. You claw Sigmund! You block Sigmund's attack.
You scratch Sigmund but do no damage. Sigmund hits you with a scythe!
* * * LOW HITPOINT WARNING * * *
You completely miss Sigmund.
Sigmund points at you and mumbles some strange words.
You are confused.
You bump into the rock wall.
Sigmund closely misses you.
You bump into the rock wall.
You closely miss Sigmund. Sigmund hits you with a scythe!
* * * LOW HITPOINT WARNING * * *
You barely miss Sigmund.
Sigmund points at you and mumbles some strange words.
The puff of flame hits you!
* * * LOW HITPOINT WARNING * * *
You feel less confused. You block Sigmund's attack. You block Sigmund's attack.
Sigmund hits you with a scythe!
You die...

*,*** **,,,,,* #.#
*,,,* *,,,,,* #.#
***,* *,,,,,* #.#
*,* *,,,,,* #.#
*,* *,,,,,* #.#
*,* ******* #.#
*,* ########.#
#.#######...##.).#
#....@@...#.##.###
#########...##.#
##.###.# #.###.#
#.....# #######


You could see Sigmund.

Vanquished Creatures
  Natasha (thrice) (D:2)
  A gnoll (D:1)
  An ooze (D:2)
  2 worms (D:2)
  A dart slug (D:1)
  3 leopard geckos (D:1)
  5 bats
  A giant cockroach (D:1)
  4 hobgoblins
  6 kobolds
  A quokka (D:1)
  A ball python (D:2)
  A frilled lizard (D:1)
  4 goblins
  A rat (D:1)
35 creatures vanquished.

Notes
Turn   | Place    | Note
-------+----------+-------------------------------------------
     0 | D:1      | theswoord the Troll Monk began the quest for the Orb.
     0 | D:1      | Reached XP level 1. HP: 22/22 MP: 0/0
    18 | D:1      | Reached XP level 2. HP: 14/29 MP: 1/1
   388 | D:1      | Reached XP level 3. HP: 36/37 MP: 2/2
   730 | D:2      | Noticed Natasha
   766 | D:2      | Killed Natasha
   766 | D:2      | Reached skill level 4 in Unarmed Combat
   892 | D:2      | Reached XP level 4. HP: 40/45 MP: 3/3
   953 | D:2      | Found a radiant altar of Vehumet.
  1015 | D:2      | Noticed Natasha
  1025 | D:2      | Killed Natasha
  1181 | D:2      | Noticed Natasha
  1191 | D:2      | Killed Natasha
  1272 | D:2      | Noticed Sigmund
  1294 | D:2      | Slain by Sigmund

Skill      XL: |  1  2  3 |
---------------+----------+-----
Fighting       | 3 |  3.7
Unarmed Combat | 4 |  4.5
Dodging        | |  2.4
Stealth        | |  1.0

Action                   |  1- 3 |  4- 6 || total
-------------------------+-------+-------++-------
Melee: Unarmed           |    59 |    39 ||    98
  Use: Scroll            |     1 |     2 ||     3
 Stab: Sleeping          |     1 |     1 ||     2
  Eat: Chunk             |     8 |     9 ||    17
Armor: Robe              |    22 |     5 ||    27
Dodge: Dodged            |    21 |     3 ||    24
Block: Shield            |    11 |     9 ||    20

Vault maps used:
D:1:      dpeg_arrival_shrine
D:2:      overflow_temple_1_default, minmay_misc_feat_chi, st_stairs_9,
          uniq_jessica, uniq_sigmund, uniq_natasha
